 Dungeon Crawl Stone Soup version 0.31.0-32-g396128a36d (webtiles) character file.

Game seed: 313892995173411183

14086 GiantSquids the Executioner (level 12, -2/157 HPs)
             Began as a Hill Orc Berserker on Apr 19, 2024.
             Was a High Priest of Trog.
             Slain by a two-headed ogre
             ... wielding a +0 giant spiked club
              (13 damage)
             ... on level 11 of the Dungeon.
             The game lasted 00:34:30 (12546 turns).

GiantSquids the Executioner (Hill Orc Berserker)   Turns: 12546, Time: 00:34:31

Health: -2/157     AC: 16    Str: 25    XL:     12   Next: 12%
Magic:  12/12      EV: 10    Int:  7    God:    Trog [*****.]
Gold:   1272       SH:  0    Dex: 16    Spells: 11/11 levels left

rFire   + + .        K - +0 broad axe
rCold   . . .        (no shield)
rNeg    . . .        S - +2 chain mail {rF+}
rPois   .            v - +1 helmet
rElec   .            (no cloak)
rCorr   .            (no gloves)
SInv    .            B - +0 pair of boots
Will    ++...        r - amulet of the acrobat
Stlth   x              - +6 ring of dexterity
HPRegen 1.46/turn    D - ring of protection from fire
MPRegen 0.13/turn

%: acrobat
@: berserking, strong-willed, regenerating, slowed
A: no striking features
a: Renounce Religion, Berserk, Trog's Hand, Brothers in Arms


You were on level 11 of the Dungeon.
You worshipped Trog.
Trog was extremely pleased with you.
You visited 1 branch of the dungeon, and saw 11 of its levels.
You also visited: Sewer and Bailey.

You collected 1440 gold pieces.
You spent 168 gold pieces at shops.

Inventory:

Hand Weapons
 K - a +0 broad axe (weapon)
Missiles
 b - 2 throwing nets
 h - 7 boomerangs
 F - 12 javelins (quivered)
 O - 5 curare-tipped darts
 P - 4 datura-tipped darts
Armour
 v - a +1 helmet (worn)
 B - a +0 pair of boots (worn)
 S - a +2 chain mail of fire resistance (worn)
Jewellery
 r - an amulet of the acrobat (around neck)
 x - a +6 ring of dexterity (left hand)
 D - a ring of protection from fire (right hand)
 L - a ring of protection from cold
 M - an amulet of guardian spirit
Talismans
 m - a granite talisman
Wands
 n - a wand of polymorph (6)
 z - a wand of quicksilver (10)
 A - a wand of flame (53)
 C - a wand of paralysis (48)
 E - a wand of iceblast (16)
 H - a wand of digging (5)
Scrolls
 a - a scroll of torment
 d - 3 scrolls of immolation
 f - 3 scrolls of noise
 g - 2 scrolls of identify
 l - 3 scrolls of silence
 p - a scroll of fear
 s - a scroll of enchant armour
 t - 4 scrolls of blinking
 w - 3 scrolls of fog
 G - 7 scrolls of teleportation
 I - a scroll of enchant weapon
 N - 2 scrolls of brand weapon
 R - a scroll of poison {unknown}
Potions
 c - 3 potions of attraction
 e - 3 potions of lignification
 i - 2 potions of brilliance {unknown}
 j - a potion of might {unknown}
 k - 3 potions of haste {unknown}
 o - 9 potions of curing
 q - 6 potions of heal wounds
 u - a potion of mutation
 J - a potion of invisibility {unknown}
Miscellaneous
 Q - a phantom mirror


   Skills:
 + Level 9.5 Fighting
 * Level 21.1 Axes
 + Level 6.6 Armour
 + Level 2.6 Dodging


You had 11 spell levels left.
You didn't know any spells.
Your spell library was empty.

Dungeon Overview and Level Annotations

Branches:
Dungeon (11/15)            Temple (0/1) D:4            Lair (0/5) D:11
  Sewer (visited)          Bailey (visited)
    Orc: D:9-12

Altars:
Ashenzari
Cheibriados
Kikubaaqudgha
Makhleb
Nemelex Xobeh
Qazlal
Ru
Sif Muna
Trog
Wu Jian
Xom
Yredelemnul
Zin
The Shining One

Shops:
D:7 [   D:9 ?*(

Annotations:
D:11 Nergalle, Urug


Message History

The vampire mumbles some strange words.
The vampire flickers and vanishes!
Deactivating autopickup; reactivate with Ctrl-A.
The wraith hits you. The wraith drains your vigour!
You feel as though you will be slow longer.
You slice the orc!!
You kill the orc!
Trog accepts your kill.
You slash the wraith! You slash the spectral orc warrior!
You destroy the spectral orc warrior!
The spectral orc warrior disappears in a puff of smoke!
Unknown command.
You slice the wraith!!
You destroy the wraith!
Trog accepts your kill.
A yak comes into view.
An orc wizard comes into view. It is wielding a +2 dagger of draining.
An orc comes into view. It is wielding a +0 short sword.
You slash the two-headed ogre!
The two-headed ogre is moderately wounded.
You slash something!
You hear a bellow!
Something hits you. Something bites you!
Something draws strength from your injuries!
The two-headed ogre hits you with a +0 giant spiked club.
The two-headed ogre hits you with a +0 giant spiked club!
* * * LOW HITPOINT WARNING * * *
Urug throws a javelin.
The javelin barely misses you.
You hit the two-headed ogre.
The two-headed ogre is moderately wounded.
You barely miss something. You slash the two-headed ogre!
The two-headed ogre is severely wounded.
You slash something!
You hear a bellow!
Something draws life force from you!!
* * * LOW HITPOINT WARNING * * *
Urug screams, "Payback for my eye!"
The two-headed ogre hits you with a +0 giant spiked club!
You die...

#...##.P...
#...#..P...
#...#......
#........>.....
..............
.........P... ...#
####'####Wo# .....#
###...#
..:.....@{Y# .....#
......#
........#O.# ....#
......#
........#..###...#
......#
......###o.))))..#
......#
......#.oY######.#
......# ......#..Y#
......# ..... #.Yo#
#.....# ..... #...#
###...#########...#


You could see Urug, Nergalle, a two-headed ogre, 3 yaks, a wraith and an orc.

Vanquished Creatures
  Harold (D:9)
  Josephine (D:11)
  An ogre mage (D:10)
  2 two-headed ogres
  2 boulder beetles (D:10)
  Pikel (D:5)
  A cyclops (D:10)
  Joseph (D:7)
  2 trolls
  Prince Ribbit (D:6)
  A shadow (D:9)
  A wyvern (D:9)
  A vampire (D:11)
  8 yaks
  Eustachio (D:5)
  4 wraiths
  A warg (D:11)
  3 vampire mosquitoes (D:11)
  2 acid dragons
  2 water moccasins (D:7)
  5 orc warriors
  3 ice beasts
  A black bear (D:5)
  The ghost of Consumeair16 the Cruncher, an amateur GnWn of Qazlal (D:3)
  2 wolves (D:11)
  2 centaurs
  3 phantoms
  12 kobold brigands
  A brain worm (Sewer)
  8 bullfrogs
  2 scorpions (D:6)
  3 wights (D:8)
  7 killer bees (D:8)
  5 howler monkeys
  2 quasits (D:3)
  5 orc priests
  2 jellies (D:6)
  3 gnoll boudas
  2 hounds
  A sleepcap (D:6)
  4 iguanas
  Natasha (thrice) (D:3)
  10 orc wizards
  2 human simulacra (D:9)
  16 gnolls
  10 adders
  4 river rats (Sewer)
  2 white imps
  4 ufetubi
  6 dart slugs
  4 ribbon worms
  34 orcs
  6 endoplasms
  8 giant cockroaches
  7 hobgoblins
  9 jackals
  33 kobolds
  5 quokkas
  8 ball pythons
  10 bats
  10 frilled lizards
  8 goblins
  6 rats
316 creatures vanquished.

Vanquished Creatures (others)
  A human (D:6)
1 creature vanquished.

Grand Total: 317 creatures vanquished

Notes
Turn   | Place    | Note
-------+----------+-------------------------------------------
     0 | D:1      | GiantSquids the Hill Orc Berserker began the quest for the
                  | Orb.
     0 | D:1      | Reached XP level 1. HP: 19/19 MP: 1/1
    65 | D:1      | Reached XP level 2. HP: 21/27 MP: 2/2
   500 | D:1      | Reached XP level 3. HP: 27/33 MP: 3/3
   739 | D:2      | Reached skill level 5 in Axes
  1106 | D:2      | Reached XP level 4. HP: 22/40 MP: 4/4
  1611 | D:3      | Found a sacrificial altar of Ru.
  1611 | D:3      | Noticed a phantom
  1638 | D:3      | Killed a phantom
  1639 | D:3      | Reached skill level 6 in Axes
  1639 | D:3      | Reached XP level 5. HP: 13/47 MP: 5/5
  1676 | D:3      | Found a transporter.
  1679 | D:3      | Noticed Consumeair16's ghost (amateur GnWn)
  1700 | D:3      | Noticed Natasha
  1711 | D:3      | Killed Natasha
  1750 | D:3      | Found a glowing drain.
  1755 | D:3      | Noticed Natasha
  1770 | D:3      | Killed Natasha
  1770 | D:3      | Reached ** piety under Trog
  1838 | Sewer    | Entered a sewer
  1957 | Sewer    | Reached XP level 6. HP: 54/55 MP: 6/6
  1974 | Sewer    | Reached skill level 5 in Fighting
  2490 | Sewer    | Reached skill level 7 in Axes
  2978 | D:3      | Reached *** piety under Trog
  3157 | D:3      | Noticed Natasha
  3173 | D:3      | Killed Natasha
  3401 | D:3      | Found a transporter.
  3552 | D:3      | Reached XP level 7. HP: 61/61 MP: 7/7
  3561 | D:3      | Killed Consumeair16's ghost
  3562 | D:3      | Reached skill level 8 in Axes
  3685 | D:3      | Found a stormy altar of Qazlal.
  3990 | D:4      | Found a shimmering altar of Xom.
  4011 | D:4      | Found a sparkling altar of Nemelex Xobeh.
  4282 | D:4      | Found a bloodstained altar of Trog.
  4935 | D:4      | Found a staircase to the Ecumenical Temple.
  5115 | D:5      | Entered Level 5 of the Dungeon
  5122 | D:5      | Found a burning altar of Makhleb.
  5131 | D:5      | Noticed Pikel
  5140 | D:5      | Killed Pikel
  5141 | D:5      | Reached skill level 10 in Axes
  5141 | D:5      | Reached skill level 5 in Armour
  5141 | D:5      | Reached XP level 8. HP: 71/71 MP: 8/8
  5194 | D:5      | Found a glowing golden altar of the Shining One.
  5490 | D:5      | Reached **** piety under Trog
  5638 | D:5      | Found an ornate altar of the Wu Jian Council.
  5930 | D:5      | Noticed Eustachio
  5946 | D:5      | Killed Eustachio
  5947 | D:5      | Reached skill level 11 in Axes
  5947 | D:5      | Reached XP level 9. HP: 80/80 MP: 9/9
  5989 | D:6      | Noticed Prince Ribbit
  5989 | D:6      | Found a snail-covered altar of Cheibriados.
  6003 | D:6      | Killed Prince Ribbit
  6273 | D:6      | Reached skill level 12 in Axes
  6599 | D:6      | Found an ancient bone altar of Kikubaaqudgha.
  7260 | D:7      | Reached skill level 13 in Axes
  7599 | D:7      | Noticed Joseph
  7615 | D:7      | Killed Joseph
  7616 | D:7      | Reached skill level 14 in Axes
  7616 | D:7      | Reached XP level 10. HP: 68/91 MP: 10/10
  7691 | D:7      | Found a basalt altar of Yredelemnul.
  7756 | D:7      | Found Uhagreil's Armour Emporium.
  7902 | D:7      | Reached skill level 15 in Axes
  8976 | D:8      | Reached skill level 16 in Axes
  8998 | D:8      | Reached ***** piety under Trog
  9376 | D:8      | Found a glowing silver altar of Zin.
  9524 | D:9      | Noticed Harold
  9537 | D:9      | Killed Harold
  9538 | D:9      | Reached skill level 17 in Axes
  9625 | D:9      | Found a broken altar of Ashenzari.
  9665 | D:9      | Found Gewn's Weapon Shop.
 10003 | D:9      | Reached XP level 11. HP: 81/97 MP: 11/11
 10005 | D:9      | Reached skill level 18 in Axes
 10069 | D:9      | Found Fyfed's General Store.
 10192 | D:9      | Found Uxtir's Magic Scroll Shoppe.
 10217 | D:9      | Bought a scroll of blinking for 120 gold pieces
 10217 | D:9      | Bought a scroll of teleportation for 48 gold pieces
 10579 | D:10     | Entered Level 10 of the Dungeon
 10655 | D:10     | Received a gift from Trog
 10672 | D:10     | Found a shimmering blue altar of Sif Muna.
 10737 | D:10     | Noticed a boulder beetle
 10738 | D:10     | Noticed an ogre mage
 10738 | D:10     | Noticed a boulder beetle
 10739 | D:10     | Noticed a cyclops
 10746 | D:10     | Killed an ogre mage
 10752 | D:10     | Killed a cyclops
 10753 | D:10     | Reached skill level 19 in Axes
 10753 | D:10     | Killed a boulder beetle
 10770 | D:10     | Noticed a two-headed ogre
 10771 | D:10     | Found a flagged portal.
 10784 | D:10     | Killed a two-headed ogre
 10790 | Bailey   | Entered a bailey
 11086 | Bailey   | Reached skill level 20 in Axes
 11177 | Bailey   | Found a bloodstained altar of Trog.
 11677 | D:10     | Killed a boulder beetle
 12316 | D:11     | Noticed a two-headed ogre
 12353 | D:11     | Identified the +0 scale mail "Xuug" {+Blink rC+ Regen+
                  | Dex-2}
 12480 | D:11     | Found a staircase to the Lair.
 12524 | D:11     | Noticed Josephine
 12531 | D:11     | Noticed Nergalle
 12531 | D:11     | Noticed a two-headed ogre
 12536 | D:11     | Killed Josephine
 12537 | D:11     | Reached skill level 21 in Axes
 12537 | D:11     | Reached XP level 12. HP: 80/104 MP: 12/12
 12537 | D:11     | Noticed Urug
 12541 | D:11     | Killed a two-headed ogre
 12546 | D:11     | Slain by a two-headed ogre

Illustrated notes

Levels and vault maps discovered:
D:1:      reono_arrival_forest_river, layout_rooms, minmay_heptomino_h4
D:2:      layout_loops_ring
D:3:      layout_basic, hangedman_ru_absence, nicolae_qazlal_eye_of_the_storm,
          gammafunk_ghost_stat_death, gup_sewer_entry_glass,
          minmay_fractal_squares_diagonal_5, uniq_natasha
D:4:      layout_layer_cave, mainiacjoe_overflow_large_starburst,
          lemuel_tele_altar, minmay_temple_entry_slanted, due_unseen_surprise
D:5:      layout_loops_ring, tso_metal_star,
          mainiacjoe_overflow_small_starburst, bloody_makhleb, chequers_garden,
          uniq_pikel, uniq_eustachio
D:6:      layout_loops_corners, cheibriados_altar_1, tgw_kikubaaqudgha,
          minmay_misc_feat_columns, uniq_prince_ribbit1
D:7:      layout_cave_pools, lemuel_crystal_altar, serial_shops,
          nicolae_shop_crystal, uniq_joseph
D:8:      layout_loops_ring, zin_statuary
D:9:      layout_basic, nicolae_ashenzari_panopticon, serial_shops,
          nicolae_shop_rolling_square, shop, nicolae_shop_tiny_real_fake_doors,
          bh_circular_ruins, uniq_harold
D:10:     minmay_bloctagon_deflated, layout_layer_cave, lemuel_doored_altar,
          enter_bailey_6
D:11:     layout_irregular_city, erik_lair_orcish_takeover,
          kennysheep_orc_monster_closet_entryway, uniq_nergalle, uniq_urug,
          uniq_josephine

Skill      XL: |  1  2  3  4  5  6  7  8  9 10 11 |
---------------+----------------------------------+-----
Fighting       | 4 5 6 7 9 |  9.5
Axes           | 5 6 7 10 11 14 17 21 | 21.1
Armour         | 3 4 5 6 |  6.6
Dodging        | 2 |  2.6

Action                     |  1- 3 |  4- 6 |  7- 9 | 10-12 || total
---------------------------+-------+-------+-------+-------++-------
  Melee: Hand axe          |   119 |   248 |    29 |       ||   396
         Punch             |     1 |     3 |     2 |     8 ||    14
         War axe           |       |       |   261 |   164 ||   425
         Broad axe         |       |       |       |   266 ||   266
 Invoke: Berserk           |       |     4 |     3 |     6 ||    13
         Trog's Hand       |       |       |       |     3 ||     3
    Use: Potion            |       |     2 |       |       ||     2
         Scroll            |       |       |       |    14 ||    14
   Stab: Sleeping          |     3 |       |       |       ||     3
 Armour: Animal skin       |    66 |   184 |     9 |       ||   259
         Chain mail        |       |       |   209 |   240 ||   449
  Dodge: Dodged            |    64 |   185 |   145 |   210 ||   604
